 Dungeon Crawl Stone Soup version 0.31.0-4-g52a2dc7128 (webtiles) character file.

Game seed: 1802515189445952790

2907 croobank the Scholar of Death (level 9, 0/46 HPs)
             Began as a Felid Necromancer on Jan 21, 2024.
             Was a Follower of Kikubaaqudgha.
             Killed from afar by an orc wizard (7 damage)
             ... with a puff of flame
             ... on level 9 of the Dungeon.
             The game lasted 00:42:11 (10241 turns).

croobank the Scholar of Death (Felid Necromancer)  Turns: 10241, Time: 00:42:11

Health: 0/46       AC:  2    Str:  4    XL:     9   Next: 49%
Magic:  16/19      EV: 21    Int: 23    God:    Kikubaaqudgha [*.....]
Gold:   81         SH:  0    Dex: 17    Spells: 16/21 levels left
                                        Lives:  0   Deaths: 2

rFire   . . .        (weapon unavailable)
rCold   . . .        (shield unavailable)
rNeg    . . .        (body armour unavailable)
rPois   +            (helmet unavailable)
rElec   .            (cloak unavailable)
rCorr   +            (gloves unavailable)
SInv    +            (boots unavailable)
Will    +....        (no amulet)
Stlth   ++++         f - ring of resist corrosion
HPRegen 0.27/turn    e - ring of poison resistance
MPRegen 0.16/turn

%: no passive effects
@: animating dead
A: very small, claws 1, fangs 3, see invisible, shaggy fur 2, stealthy paws, no
weapons or thrown items, no armour, multi-lived
a: Renounce Religion, Unearth Wretches


You were on level 9 of the Dungeon.
You worshipped Kikubaaqudgha.
Kikubaaqudgha was aware of your devotion.
You visited 2 branches of the dungeon, and saw 10 of its levels.

You collected 530 gold pieces.
You spent 449 gold pieces at shops.

Inventory:

Jewellery
 c - the amulet of Kihuek {rN++ Regen+}
   (You acquired it on level 4 of the Dungeon)

   [amulet of regeneration]

   rN++:      It greatly protects you from negative energy.
   Regen+:    It increases your rate of health regeneration.
 e - a ring of poison resistance (right paw)
 f - a ring of resist corrosion (left paw)
Talismans
 p - a serpent talisman
Wands
 b - a wand of charming (4)
Scrolls
 g - a scroll of revelation
 h - a scroll of immolation
 i - a scroll of noise
 k - 2 scrolls of vulnerability
 o - 4 scrolls of identify
Potions
 l - 2 potions of mutation
 m - a potion of attraction


   Skills:
 + Level 4.9 Fighting
 + Level 7.3 Dodging
 + Level 7.8 Stealth
 * Level 6.5 Spellcasting
 * Level 8.0 Necromancy


You had 16 spell levels left.
You knew the following spells:

 Your Spells              Type           Power      Damage    Failure   Level
a - Necrotise             Necr           100%       1d9       1%          1
A - Animate Dead          Necr           44%        N/A       3%          4

Your spell library contained the following spells:

 Spells                   Type           Power      Damage    Failure   Level
 Vampiric Draining        Necr           44%        2d9       1%          3
 Cigotuvi's Dreadful Rot  Necr/Alch/Air  38%        N/A       4%          2
 Foxfire                  Conj/Fire      28%        2x1d5     9%          1
 Magic Dart               Conj           28%        1d4       9%          1
 Curse of Agony           Necr           44%        N/A       9%          5
 Blink                    Tloc           14%        N/A       12%         2
 Call Imp                 Summ           14%        N/A       12%         2
 Tukima's Dance           Hex            7%         N/A       24%         3
 Iskenderun's Mystic Bla  Conj/Tloc      7%         2d4       63%         4
 Summon Forest            Summ/Tloc      3%         N/A       92%         5
 Eringya's Noxious Bog    Alch           3%         4d6       100%        6
 Plasma Beam              Fire/Air       3%         2x1d13    100%        6
 Starburst                Conj/Fire      3%         6d3       100%        6
 Summon Hydra             Summ           3%         N/A       100%        7
 Dimensional Bullseye     Hex/Tloc       Unusable   N/A       N/A         4

Dungeon Overview and Level Annotations

Branches:
Dungeon (9/15)             Temple (1/1) D:7             Orc (0/2) D:9
   Lair: D:8-11

Altars:
Ashenzari
Cheibriados
Dithmenos
Elyvilon
Fedhas
Gozag
Hepliaklqana
Kikubaaqudgha
Makhleb
Nemelex Xobeh
Okawaru
Qazlal
Ru
Sif Muna
Trog
Uskayaw
Vehumet
Wu Jian
Xom
Yredelemnul
Zin
The Shining One

Shops:
D:1 [   D:3 ?   D:4 ?

Annotations:
D:3 Sigmund
D:5 Ijyb
D:6 4 runed translucent doors, Crazy Yiuf; Djon's ghost, novice HOFi; Esekla's ghost, novice OpDe; TheBioAlchemist's ghost, novice OpSh; hawla's ghost, novice FeSh; mainiacjoe's ghost, novice TeSu
D:7 !Electric Ugly Thing
D:9 exclusion: wraith, Joseph


Innate Abilities, Weirdness & Mutations

You have sharp claws.
You have razor-sharp teeth.
You have supernaturally acute eyesight. (SInv)
You are covered in thick fur. (AC +2)
Your paws help you pounce on unaware monsters.
You are incapable of wielding weapons or throwing items.
You cannot wear armour.
You gain extra lives every three experience levels.


Message History

You feel a bit more experienced.
There is an open door here.
Which direction?
You close the door.
You close the door.
You start resting.
Something unseen breaks down the door.
As you read the scroll of fog, it dissolves into smoke.
The orc warrior's inner flame fades away.
Aiming: Charm
Press: ? - help, Shift-Dir - straight line, f - orc warrior, p - orc warrior
Aim: an orc warrior, wielding a +0 long sword and wearing a +0 plate armour (chance to affect: 49%)
The orc warrior resists with some effort.
Aiming: Charm
Press: ? - help, Shift-Dir - straight line, f/p - orc warrior
Aim: an orc warrior, wielding a +0 long sword and wearing a +0 plate armour (chance to affect: 49%)
The orc warrior resists with some effort.
The orc warrior misses you.
Aiming: Charm
Press: ? - help, Shift-Dir - straight line, f/p - orc warrior
Aim: an orc warrior, wielding a +0 long sword and wearing a +0 plate armour (chance to affect: 49%)
The orc warrior resists with some effort.
The orc warrior hits you with a +0 scimitar.
* * * LOW HITPOINT WARNING * * *
The orc warrior closely misses you.
Aiming: Charm
Press: ? - help, Shift-Dir - straight line, f/p - orc warrior
Aim: an orc warrior, wielding a +0 long sword and wearing a +0 plate armour (chance to affect: 49%)
The orc warrior is charmed.
The orc warrior misses you.
Okay, then.
Okay, then.
Okay, then.
Okay, then.
Aiming: Charm
Press: ? - help, Shift-Dir - straight line, f - orc warrior, p - orc warrior
Aim: an orc warrior, wielding a +0 scimitar and wearing a +2 chain mail of fire resistance (severely wounded, chance to affect: 49%)
The orc warrior is charmed.
The orc wizard points at you and mumbles some strange words.
The puff of flame hits you!
You die...
Kikubaaqudgha rasps: "You have failed me!
Welcome... death!"

##...........§§§§§§###.......#
.....8....>..§§8§§.........#
.........(...§§§§§.........# #
.'###........§o.##.........# .
... #.....8.....#######....# ##
####.....####.....#...†#
#.....(...#......#....# ##.
#...##..oo#......#....# ...
#...#...o@#......#....#
#..#####(..#.....#......#....#
.......(...#...###......#....####
##.........#...'........#...o...#
##.........'...##'#######.......#
#..........#....................#
...........#......######........#
.#.....>...#......# #........#
#.........#......# #........#


You could see an orc wizard and 2 friendly orc warriors.

Vanquished Creatures
  A two-headed ogre (D:8)
  A hornet (D:9)
  Eustachio (D:4)
  A wyvern (D:7)
  2 water moccasins
  An orc warrior (D:8)
  2 ice beasts (D:7)
  2 sky beasts
  An ogre (D:7)
  2 centaurs
  A phantom (D:6)
  6 bullfrogs
  A scorpion (D:6)
  2 howler monkeys
  4 bombardier beetles
  A jelly (D:8)
  A hound (D:4)
  3 orc priests
  A gnoll bouda (D:4)
  2 iguanas (D:6)
  A sleepcap (D:3)
  6 orc wizards
  2 gnolls (D:4)
  10 adders
  A white imp (D:5)
  2 ufetubi (D:7)
  2 dart slugs
  2 ribbon worms
  27 orcs
  2 ball pythons (D:2)
  6 endoplasms
  5 giant cockroaches
  13 goblins
  7 hobgoblins
  6 jackals
  2 quokkas
  4 bats
  2 frilled lizards (D:1)
  3 kobolds
  4 rats
143 creatures vanquished.

Vanquished Creatures (collateral kills)
  A phantom (D:6)
  An orc priest (D:9)
  An orc wizard (D:7)
  A gnoll (D:4)
  A ribbon worm (D:4)
  4 orcs
  A bat (D:3)
  A goblin (D:3)
  A jackal (D:2)
  A frilled lizard (D:3)
  A rat (D:1)
14 creatures vanquished.

Vanquished Creatures (others)
  A centaur (D:8)
  2 bullfrog zombies
  An adder zombie (D:6)
  A bat (D:8)
  A gnoll zombie (D:4)
  14 orc zombies
20 creatures vanquished.

Grand Total: 177 creatures vanquished

Notes
Turn   | Place    | Note
-------+----------+-------------------------------------------
     0 | D:1      | croobank the Felid Necromancer began the quest for the Orb.
     0 | D:1      | Reached XP level 1. HP: 9/9 MP: 4/4
   227 | D:1      | Reached XP level 2. HP: 13/13 MP: 3/6
   805 | D:1      | Found Wynyolonisa's Armour Shoppe.
   929 | D:1      | Reached XP level 3. HP: 16/16 MP: 4/7
  1513 | D:3      | Reached XP level 4. HP: 15/21 MP: 3/8
  1513 | D:3      | Gained a life (2 lives remaining)
  1580 | D:3      | Found a faded altar of an unknown god.
  1648 | D:3      | Found Oti Ubb's Magic Scroll Boutique.
  1652 | D:3      | Bought a scroll of immolation for 48 gold pieces
  1652 | D:3      | Bought a scroll of teleportation for 36 gold pieces
  1652 | D:3      | Bought 2 scrolls of identify for 48 gold pieces
  1661 | D:3      | Noticed Sigmund
  2079 | D:3      | Reached skill level 1 in Fighting
  2150 | D:3      | Reached XP level 5. HP: 23/25 MP: 1/10
  2769 | D:3      | Found a sparkling altar of Nemelex Xobeh.
  3108 | D:4      | Learned a level 4 spell: Animate Dead
  3253 | D:4      | Reached skill level 5 in Necromancy
  3408 | D:4      | Noticed Eustachio
  3607 | D:4      | Gained mutation: You are covered in thick fur. (AC +2)
                  | [Felid growth]
  3607 | D:4      | Reached XP level 6. HP: 19/30 MP: 5/11
  3750 | D:4      | Found Xuefoig's Magic Scroll Shoppe.
  3758 | D:4      | Bought a scroll of identify for 26 gold pieces
  3758 | D:4      | Bought a scroll of teleportation for 39 gold pieces
  4036 | D:4      | Identified a scroll of acquirement
  4037 | D:4      | Acquired the amulet of Kihuek {rN++ Regen+}
  4048 | D:4      | Killed Eustachio
  4049 | D:4      | Reached skill level 5 in Stealth
  4226 | D:4      | Reached XP level 7. HP: 35/35 MP: 5/13
  4667 | D:5      | Entered Level 5 of the Dungeon
  4886 | D:5      | Noticed Ijyb
  4920 | D:5      | Found a burning altar of Makhleb.
  5487 | D:3      | Bought 3 scrolls of identify for 72 gold pieces
  5487 | D:3      | Bought a scroll of identify for 24 gold pieces
  5549 | D:6      | Reached skill level 5 in Dodging
  6026 | D:6      | Reached skill level 6 in Necromancy
  6150 | D:6      | You fall into a shaft and drop 3 floors!
  6168 | D:9      | Noticed a yak
  6197 | D:9      | Noticed Joseph
  6197 | D:9      | Noticed a wyvern
  6319 | D:9      | Noticed a wraith
  6328 | D:9      | Noticed a hornet
  6338 | D:9      | Killed a hornet
  6339 | D:9      | Reached XP level 8. HP: 17/40 MP: 3/16
  6448 | D:9      | Found a staircase to the Orcish Mines.
  6525 | D:7      | Found a staircase to the Ecumenical Temple.
  6539 | Temple   | Entered the Ecumenical Temple
  6543 | Temple   | Became a worshipper of Kikubaaqudgha
  6757 | D:7      | Reached skill level 5 in Spellcasting
  7237 | D:6      | Found a runed translucent gate.
  7238 | D:6      | Found a runed translucent gate.
  7239 | D:6      | Found a runed translucent gate.
  7246 | D:6      | Noticed Djon's ghost (novice HOFi)
  7246 | D:6      | Noticed TheBioAlchemist's ghost (novice OpSh)
  7347 | D:6      | Noticed hawla's ghost (novice FeSh)
  7347 | D:6      | Noticed mainiacjoe's ghost (novice TeSu)
  7347 | D:6      | Noticed Esekla's ghost (novice OpDe)
  7410 | D:6      | Found a runed translucent door.
  7411 | D:6      | Noticed Crazy Yiuf
  7472 | D:6      | Found a glowing silver altar of Zin.
  8000 | D:7      | Reached skill level 7 in Necromancy
  8161 | D:4      | Bought a scroll of fear for 52 gold pieces
  8161 | D:4      | Bought 3 scrolls of identify for 78 gold pieces
  8161 | D:4      | Bought a scroll of identify for 26 gold pieces
  8390 | D:7      | Reached XP level 9. HP: 12/45 MP: 7/18
  8603 | D:7      | Noticed a cyan ugly thing
  9003 | D:7      | HP: 2/46 [cyan ugly thing (11)]
  9003 | D:7      | Mangled by a cyan ugly thing
  9003 | D:7      | Lost a life (1 life remaining)
  9752 | D:8      | Found a shimmering blue altar of Sif Muna.
  9774 | D:8      | Reached * piety under Kikubaaqudgha
  9774 | D:8      | Received a gift from Kikubaaqudgha
  9805 | D:8      | Slain by an orc warrior
  9805 | D:8      | Lost a life (0 lives remaining)
 10005 | D:9      | Found a glowing golden altar of the Shining One.
 10071 | D:9      | Reached skill level 8 in Necromancy
 10241 | D:9      | Killed from afar by an orc wizard

Illustrated notes

Levels and vault maps discovered:
D:1:      saegor_arrival_under_anarchy, layout_basic, serial_shops, shop
D:2:      layout_rooms
D:3:      layout_loops_corners, nemelex_xobeh_ov_fountains_minmay, serial_shops,
          nicolae_shop_behind_doors, shapermc_ecumenical_altar_starsandcircs,
          uniq_sigmund
D:4:      nicolae_cairo_tiling, layout_basic, serial_shops, shop, uniq_eustachio
D:5:      layout_gridville, mainiacjoe_overflow_paths, minivault_11, uniq_ijyb
D:6:      layout_loops_ring, mainiacjoe_overflow_surrounded_room,
          gammafunk_ghost_cemetery, minmay_checkerbox, uniq_crazy_yiuf_cottage
D:7:      layout_cave_pools, temple_fountains, minmay_manual_maat
D:8:      layout_rooms, mainiacjoe_overflow_alcove_4
D:9:      layout_irregular_city, nicolae_tso_swordbearing_angel, david_orc_2,
          minmay_starry_boxes, uniq_joseph
Temple:   sentei_temple_godly_chess

Skill      XL: |  1  2  3  4  5  6  7  8  9 |
---------------+----------------------------+-----
Stealth        | 3 4 5 6 7 |  7.8
Dodging        | 3 4 5 6 7 |  7.3
Fighting       | 1 2 3 4 |  4.9
Necromancy     | 5 6 7 8 |  8.0
Spellcasting   | 3 4 5 6 |  6.5

Action                     |  1- 3 |  4- 6 |  7- 9 || total
---------------------------+-------+-------+-------++-------
  Melee: Unarmed           |    18 |    17 |    79 ||   114
         Bite              |     1 |     4 |    12 ||    17
   Cast: Necrotise         |    71 |   118 |   244 ||   433
         Animate Dead      |       |     1 |    25 ||    26
 Invoke: Unearth Wretches  |       |       |     1 ||     1
  Evoke: Wand              |       |     4 |     7 ||    11
    Use: Scroll            |     2 |     6 |    19 ||    27
         Potion            |     1 |     3 |     5 ||     9
   Stab: Sleeping          |     1 |     3 |     4 ||     8
         Distracted        |       |       |     1 ||     1
         Paralysed         |       |       |     1 ||     1
 Armour: Skin              |    14 |    32 |    98 ||   144
  Dodge: Dodged            |    20 |    55 |   239 ||   314
